 Dungeon Crawl Stone Soup version 0.29.1-2-gbd0b4ee654 (webtiles) character file.

Game seed: 10464877815858097106

44 xian the Vexing (level 3, 0/26 HPs)
             Began as a Demonspawn Arcane Marksman on Nov 2, 2022.
             Slain by a gnoll
             ... wielding a +0 flail of holy wrath
              (10 damage)
             ... on level 1 of the Dungeon.
             The game lasted 00:02:40 (1145 turns).

xian the Vexing (Demonspawn Arcane Marksman)        Turns: 1145, Time: 00:02:40

Health: 0/26       AC:  6    Str: 12    XL:     3   Next: 41%
Magic:  4/4        EV: 12    Int: 14    God:
Gold:   27         SH:  0    Dex: 13    Spells: 1/4 levels left

rFire   . . .      SeeInvis .   a - +1 sling
rCold   . . .      Faith    .   (no shield)
rNeg    . . .      Spirit   .   c - +0 robe
rPois   .          Reflect  .   (no helmet)
rElec   .          Harm     .   (no cloak)
rCorr   .          Rampage  .   (no gloves)
Will    .....                   f - +1 pair of boots
Stlth   +.........              (no amulet)
HPRegen 0.08/turn               (no ring)
MPRegen 0.09/turn               (no ring)

@: no status effects
A: slimy green scales 1, powered by pain 1
a: no special abilities


You were on level 1 of the Dungeon.
You visited 1 branch of the dungeon, and saw 2 of its levels.

You collected 41 gold pieces.
You spent 14 gold pieces at shops.

Inventory:

Hand Weapons
 a - a +1 sling (weapon)
 d - a +0 dagger
Armour
 c - a +0 robe (worn)
 f - a +1 pair of boots (worn)
Scrolls
 b - a scroll of poison
 g - a scroll of identify {unknown}
Potions
 e - a potion of attraction {unknown}
 i - a potion of magic {unknown}


   Skills:
 + Level 1.6 Fighting
 + Level 2.9 Ranged Weapons
 + Level 1.9 Dodging
 + Level 1.2 Spellcasting
 + Level 3.1 Hexes


You had one spell level left.
You knew the following spells:

 Your Spells              Type           Power      Damage    Failure   Level
a - Slow                  Hex            36%        N/A       7%          1
b - Ensorcelled Hibernat  Hex/Ice        10%        N/A       21%         2

Your spell library contained the following spells:

 Spells                   Type           Power      Damage    Failure   Level
 Sting                    Tmut/Pois      0%         1d3       26%         1
 Confusing Touch          Hex            9%         N/A       22%         3
 Poisonous Vapours        Pois/Air       0%         N/A       36%         2
 Inner Flame              Hex/Fire       5%         N/A       38%         3
 Portal Projectile        Hex/Tloc       10%        N/A       38%         3
 Cause Fear               Hex            4%         N/A       56%         4
 Spider Form              Tmut/Pois      0%         N/A       61%         3
 Anguish                  Hex/Necr       2%         N/A       80%         4
 Olgreb's Toxic Radiance  Pois           0%         N/A       95%         4
 Yara's Violent Unravell  Hex/Tmut       2%         3d3       98%         5
 Enfeeble                 Hex            4%         N/A       100%        7


Dungeon Overview and Level Annotations

Branches:
Dungeon (2/15)

Altars:

Shops:
D:1 ?


Innate Abilities, Weirdness & Mutations

You are partially covered in slimy green scales. (AC +2)
You sometimes gain a little power by taking damage.


Message History

The sling bullet hits the adder but does no damage.
The adder is severely wounded.
The adder closely misses you. The adder bites you but does no damage.
You shoot a sling bullet.
The sling bullet closely misses the adder.
The adder barely misses you. x2
You shoot a sling bullet.
The sling bullet closely misses the adder.
The adder bites you.
You shoot a sling bullet.
The sling bullet hits the adder but does no damage.
The adder is severely wounded.
The adder barely misses you. The adder bites you but does no damage.
You shoot a sling bullet. The sling bullet hits the adder.
You kill the adder!
No target in view!
No target in view!
No target in view!
No target in view!
You climb downwards.
The gnoll barely misses you. The gnoll hits you with a +0 club.
There is a stone staircase leading up here.
The gnoll hits you with a +0 flail of holy wrath.
You convulse.
The gnoll barely misses you.
You climb upwards.
There is a stone staircase leading down here.
The gnoll barely misses you.
There is an open door here.
You shoot a sling bullet. The sling bullet hits the gnoll.
The gnoll is lightly wounded.
The gnoll closely misses you.
The gnoll hits you with a +0 flail of holy wrath!
* * * LOW HITPOINT WARNING * * *
You convulse.
* * * LOW HITPOINT WARNING * * *
It was a potion of curing.
You feel better. The gnoll closely misses you. The gnoll misses you.
The gnoll attacks as you move away!
The gnoll hits you with a +0 flail of holy wrath!
You die...

#######.....##....
#.....+...........
#.#####....∩.....# #.#
#[........##
#.#####.....##....
#......(.........#
########>...............#
#......#g#..####.#.###...
#......g@................
#...........####.#.####.#
#...........+....#.####.#
#...........######....#†#
#..........>'.........#.#
#...........######....#.#
###########.............#
#.....###.##.### #.....#
#..#.###


You could see 2 gnolls.

Vanquished Creatures
  A gnoll (D:2)
  An adder (D:1)
  7 ball pythons (D:1)
  An endoplasm (D:1)
  A goblin (D:2)
  4 hobgoblins (D:1)
  5 kobolds (D:1)
  A quokka (D:1)
  2 bats (D:1)
  A frilled lizard (D:1)
  3 rats
27 creatures vanquished.

Notes
Turn   | Place    | Note
-------+----------+-------------------------------------------
     0 | D:1      | xian the Demonspawn Arcane Marksman began the quest for the
                  | Orb.
     0 | D:1      | Reached XP level 1. HP: 15/15 MP: 2/2
   190 | D:1      | Gained mutation: You sometimes gain a little power by
                  | taking damage. [demonic ancestry]
   190 | D:1      | Reached XP level 2. HP: 21/21 MP: 3/3
   497 | D:1      | Learned a level 2 spell: Ensorcelled Hibernation
   561 | D:1      | Found Jualuph's Magic Scroll Emporium.
   571 | D:1      | Bought a scroll of noise for 14 gold pieces
  1112 | D:2      | Gained mutation: You are partially covered in slimy green
                  | scales. (AC +2) [demonic ancestry]
  1112 | D:2      | Reached XP level 3. HP: 26/26 MP: 4/4
  1145 | D:1      | Slain by a gnoll

Illustrated notes

Levels and vault maps discovered:
D:1:      mrwooster_arrival_statue_3, layout_basic, serial_shops, shop_scrolls
D:2:      layout_basic, minmay_misc_feat_x, dk_noncrumbling_4,
          small_statue_intersection, serial_bayou_lake_a, uniq_robin

Skill      XL: |  1  2 |
---------------+-------+-----
Ranged Weapons | 2 |  2.9
Fighting       | |  1.6
Dodging        | |  1.9
Spellcasting   | |  1.2
Hexes          | |  3.1

Action                   || total
-------------------------++-------
 Fire: Sling             ||   112
 Cast: Slow              ||     4
  Use: Potion            ||     1
Armor: Robe              ||    20
Dodge: Dodged            ||    58
